 Dungeon Crawl Stone Soup version 0.29-a0-483-g69413ace17 (webtiles) character file.

Game seed: 3181948274253268810

897 siradein the Chopper (level 7, -3/96 HPs)
             Began as a Minotaur Berserker on May 26, 2022.
             Was a Priest of Trog.
             Succumbed to Edmund's poison
             ... on level 5 of the Dungeon.
             The game lasted 00:14:56 (4945 turns).

siradein the Chopper (Minotaur Berserker)           Turns: 4945, Time: 00:14:57

Health: -3/96      AC: 20    Str: 23    XL:     7   Next: 79%
Magic:  6/6        EV:  8    Int:  4    God:    Trog [***...]
Gold:   174        SH:  0    Dex: 10    Spells: 6/6 levels left

rFire   . . .      SeeInvis .   s - +2 halberd (protect)
rCold   . . .      Faith    .   (shield currently unavailable)
rNeg    . . .      Spirit   .   r - +0 plate armour
rPois   .          Reflect  .   (helmet restricted)
rElec   .          Harm     .   (no cloak)
rCorr   .          Rampage  .   h - +0 pair of gloves
Will    .....                   (no boots)
Stlth   ..........              (no amulet)
HPRegen 0.26/turn               (no ring)
MPRegen 0.10/turn               (no ring)

@: berserking, lethally poisoned (-3 -> -50), under a protective aura, very
quick
A: horns 2, retaliatory headbutt
a: Renounce Religion, Berserk, Trog's Hand


You were on level 5 of the Dungeon.
You worshipped Trog.
Trog was most pleased with you.
You visited 1 branch of the dungeon, and saw 5 of its levels.

You collected 174 gold pieces.

Inventory:

Hand Weapons
 a - a +0 hand axe
 s - a +2 halberd of protection (weapon)
Missiles
 n - 4 javelins (quivered)
 o - 3 silver boomerangs
 q - 3 boomerangs
Armour
 h - a +0 pair of gloves (worn)
 r - a +0 plate armour (worn)
Wands
 e - a wand of paralysis (5)
 f - a wand of acid (5)
Scrolls
 b - a scroll of poison {unknown}
 d - 2 scrolls of enchant weapon {unknown}
 i - 5 scrolls of immolation
 j - a scroll of enchant armour {unknown}
Potions
 c - a potion of resistance
 g - a potion of ambrosia
 k - 2 potions of berserk rage {unknown}
 l - a potion of might
 m - a potion of lignification {unknown}
 p - a potion of flight {unknown}
 t - a potion of mutation {unknown}
 u - a potion of cancellation {unknown}


   Skills:
 + Level 6.4 Fighting
 + Level 6.4 Axes
 + Level 5.8 Armour
 + Level 5.2 Dodging


You had 6 spell levels left.
You didn't know any spells.
Your spell library was empty.

Dungeon Overview and Level Annotations

Branches:
Dungeon (5/15)
 Temple: D:4-7

Altars:
Fedhas
Qazlal
Xom
Yredelemnul
Beogh

Shops:
D:1 (

Annotations:
D:3 3 runed translucent doors, testman's ghost, amateur DrCj
D:5 Edmund


Innate Abilities, Weirdness & Mutations

You have a pair of horns on your head.
You reflexively headbutt those who attack you in melee.


Message History

You are poisoned.
You hit Edmund.
Your weapon exudes an aura of protection.
Edmund is lightly wounded.
You feel very sick. Edmund hits you but does no damage.
You are more poisoned.
Edmund barely misses you.
You barely miss Edmund.
Edmund is lightly wounded.
You feel extremely sick.
Edmund hits you with a +4 dire flail of venom.
You are more poisoned.
You barely miss Edmund. You headbutt Edmund!
Edmund is moderately wounded.
You feel extremely sick.
Edmund hits you with a +4 dire flail of venom!
You are lethally poisoned!
You are too injured to fight recklessly!
You are too injured to fight recklessly!
You are too injured to fight recklessly!
You are too injured to fight recklessly!
Unknown command.
A red film seems to cover your vision as you go berserk!
You feel yourself moving faster!
You feel mighty!
You feel extremely sick.
Edmund hits you with a +4 dire flail of venom!
* * * LOW HITPOINT WARNING * * *
You are more poisoned.
You hit Edmund.
Your weapon exudes an aura of protection.
Edmund is moderately wounded.
* * * LOW HITPOINT WARNING * * *
You feel extremely sick.
Edmund hits you with a +4 dire flail of venom.
* * * LOW HITPOINT WARNING * * *
You are more poisoned.
You puncture Edmund!
Edmund is severely wounded.
You die...

...#....####### ###....
........# .......
...#..#.## #.....
.....##..### #.....
....####...# ##...!
.##...####.##
.....##..<.........###
#.@.#..........#....
###@...........####.
...#....############...
.........########.....##
###...##..........######
#...# ##..........)....
#..#####.#############.
..........####### #.>
########........######.#
......######.........


You could see Edmund.

Vanquished Creatures
  Sigmund (D:5)
  An ogre (D:5)
  A phantom (D:3)
  A scorpion (D:5)
  2 jellies (D:4)
  2 hounds (D:4)
  Ijyb (D:3)
  Terence (D:3)
  Natasha (thrice) (D:3)
  2 iguanas (D:4)
  An orc wizard (D:3)
  6 adders
  4 gnolls
  2 ufetubi
  A worm (D:2)
  5 dart slugs
  6 orcs
  3 bats (D:1)
  6 endoplasms
  7 giant cockroaches
  3 goblins
  7 hobgoblins
  3 jackals (D:1)
  2 quokkas
  8 ball pythons
  5 frilled lizards
  6 kobolds
  10 rats
100 creatures vanquished.

Notes
Turn   | Place    | Note
-------+----------+-------------------------------------------
     0 | D:1      | siradein the Minotaur Berserker began the quest for the
                  | Orb.
     0 | D:1      | Reached XP level 1. HP: 19/19 MP: 0/0
    86 | D:1      | Found Jepaw's Weapon Emporium.
   177 | D:1      | Reached XP level 2. HP: 13/27 MP: 1/1
   704 | D:1      | Reached ** piety under Trog
   706 | D:1      | Reached XP level 3. HP: 25/33 MP: 2/2
   923 | D:1      | Found a faded altar of an unknown god.
  1823 | D:3      | Reached XP level 4. HP: 24/40 MP: 3/3
  2001 | D:3      | Found a basalt altar of Yredelemnul.
  2192 | D:3      | Found a runed translucent gate.
  2192 | D:3      | Found a runed translucent gate.
  2193 | D:3      | Found a runed translucent gate.
  2202 | D:3      | Noticed Terence
  2213 | D:3      | Killed Terence
  2214 | D:3      | Noticed testman's ghost (amateur DrCj)
  2332 | D:3      | Noticed Ijyb
  2347 | D:3      | Killed Ijyb
  2348 | D:3      | Reached XP level 5. HP: 47/47 MP: 4/4
  2553 | D:3      | Noticed Natasha
  2561 | D:3      | Killed Natasha
  2685 | D:3      | Noticed Natasha
  2692 | D:3      | Killed Natasha
  2802 | D:3      | Found a basalt altar of Yredelemnul.
  2822 | D:3      | Noticed Natasha
  2829 | D:3      | Killed Natasha
  2830 | D:3      | Reached skill level 5 in Fighting
  2830 | D:3      | Reached skill level 5 in Axes
  3105 | D:4      | Noticed a phantom
  3124 | D:3      | Killed a phantom
  3125 | D:3      | Reached XP level 6. HP: 49/56 MP: 5/5
  3801 | D:4      | Reached skill level 5 in Armour
  3864 | D:4      | Found a shimmering altar of Xom.
  3896 | D:4      | Reached *** piety under Trog
  3945 | D:4      | Found a stormy altar of Qazlal.
  4054 | D:4      | Found a blossoming altar of Fedhas.
  4078 | D:5      | Entered Level 5 of the Dungeon
  4086 | D:5      | Reached XP level 7. HP: 55/62 MP: 6/6
  4475 | D:5      | Noticed Sigmund
  4487 | D:5      | Killed Sigmund
  4488 | D:5      | Reached skill level 5 in Dodging
  4938 | D:5      | Noticed Edmund
  4945 | D:5      | Succumbed to Edmund's poison

Illustrated notes

Levels and vault maps discovered:
D:1:      lemuel_arrival_hallway, layout_basic, serial_shops, shop,
          hellmonk_ecumenical_altar_defaced_shrine
D:2:      layout_basic, grunt_ministairs_2, minmay_misc_feat_room, st_stairs_7
D:3:      layout_rooms, mainiacjoe_overflow_six_doors_small,
          gammafunk_ghost_split, uniq_natasha, uniq_ijyb, uniq_terence
D:4:      layout_cave_pools, lemuel_coloured_pillars_altar,
          mainiacjoe_overflow_big_doors, minmay_cut_off
D:5:      layout_rooms, lemuel_round_altar, minmay_temple_entry_tees,
          uniq_prince_ribbit1, uniq_edmund, uniq_sigmund

Skill      XL: |  1  2  3  4  5  6  7 |
---------------+----------------------+-----
Fighting       | 4 5 6 |  6.4
Axes           | 4 5 6 |  6.4
Armour         | 3 4 5 |  5.8
Dodging        | 3 4 5 |  5.2

Action                   |  1- 3 |  4- 6 |  7- 9 || total
-------------------------+-------+-------+-------++-------
Melee: Hand axe          |    98 |   106 |    22 ||   226
       Headbutt          |    22 |    23 |     5 ||    50
       Punch             |       |     2 |       ||     2
       Halberd           |       |       |    30 ||    30
Invok: Berserk           |       |     2 |     1 ||     3
  Use: Scroll            |       |     7 |       ||     7
Armor: Animal skin       |     7 |       |       ||     7
       Leather armour    |    14 |     1 |       ||    15
       Chain mail        |       |    20 |       ||    20
       Plate armour      |       |    15 |    20 ||    35
Dodge: Dodged            |    62 |    51 |    19 ||   132

Table legend: (Time is in decaauts)
 A = Elapsed time spent in this place.
 B = Non-inter-level travel time spent in this place.
 C = Inter-level travel time spent in this place.
 D = Time resting spent in this place.
 E = Time spent auto-exploring this place.
 F = Levels seen in this place.
 G = Mean time per level.
                   A        B        C        D        E       F      G
               +--------+--------+--------+--------+--------+-----+--------+
         Total |   5013 |   4939 |     74 |    403 |   3705 |   5 | 1002.6 |
       Dungeon |   5013 |   4939 |     74 |    403 |   3705 |   5 | 1002.6 |
               +--------+--------+--------+--------+--------+-----+--------+

Top non-repeatable levels by time:
     D:3: 1415 daAuts
     D:4: 1290 daAuts
     D:1: 1261 daAuts
     D:2: 529 daAuts
     D:5: 516 daAuts
